 Seeded DCSS version 0.29.1-1-gd02db6906a (webtiles) character file.

Game seed: 3121381558354691732 (custom seed)

181 SigmundSlayer the Chopper (level 5, -14/61 HPs)
             Began as a Demonspawn Berserker on Sept 16, 2022.
             Was a Believer of Trog.
             Demolished by an ogre
             ... wielding a +0 giant club
              (17 damage)
             ... on level 4 of the Dungeon.
             The game lasted 00:03:05 (3057 turns).

SigmundSlayer the Chopper (Demonspawn Berserker)    Turns: 3057, Time: 00:03:06

Health: -14/61     AC:  6    Str: 25    XL:     5   Next: 34%
Magic:  5/5        EV: 11    Int:  8    God:    Trog [**....]
Gold:   1321       SH:  5    Dex: 13    Spells: 4/4 levels left

rFire   . . .      SeeInvis +   d - +1 executioner's axe (vorpal)
rCold   . . .      Faith    .   (shield currently unavailable)
rNeg    . . .      Spirit   .   o - +0 ring mail
rPois   .          Reflect  +   k - +0 helmet
rElec   .          Harm     .   (no cloak)
rCorr   .          Rampage  .   (no gloves)
Will    .....                   (no boots)
Stlth   ..........              p - amulet of reflection
HPRegen 0.20/turn               e - +6 ring of strength
MPRegen 0.09/turn               a - ring of see invisible

@: berserking, studying Axes, very quick
A: hooves 1, powered by death 1, spiny 1
a: Renounce Religion, Berserk, Trog's Hand


You were on level 4 of the Dungeon.
You worshipped Trog.
Trog was pleased with you.
You visited 1 branch of the dungeon, and saw 4 of its levels.

You collected 1321 gold pieces.

Inventory:

Hand Weapons
 d - a +1 vorpal executioner's axe (weapon)
Missiles
 f - 4 throwing nets (quivered)
Armour
 k - a +0 helmet (worn)
 o - a +0 ring mail (worn)
Jewellery
 a - a ring of see invisible (right hand)
 e - a +6 ring of strength (left hand)
 p - an amulet of reflection (around neck)
 q - a ring of positive energy
Scrolls
 c - 4 scrolls of identify {unknown}
 g - a scroll of magic mapping {unknown}
 h - 2 scrolls of enchant weapon {unknown}
 j - 3 scrolls of amnesia {unknown}
 m - a scroll of poison {unknown}
 n - 2 scrolls of teleportation {unknown}
 r - 2 scrolls of fear {unknown}
 u - 3 scrolls of noise {unknown}
 y - a scroll of vulnerability {unknown}
Potions
 b - a potion of heal wounds {unknown}
 i - a potion of magic {unknown}
 l - a potion of invisibility {unknown}
 s - a potion of flight {unknown}
 t - a potion of brilliance {unknown}
 v - a potion of curing {unknown}
 w - a potion of cancellation {unknown}
 x - a potion of attraction {unknown}
 z - a potion of ambrosia {unknown}


   Skills:
 - Level 3.2 Fighting
 + Level 7.0 Axes
 - Level 1.7 Armour
 - Level 1.7 Dodging


You had 4 spell levels left.
You didn't know any spells.
Your spell library was empty.

Dungeon Overview and Level Annotations

Branches:
Dungeon (4/15)
 Temple: D:4-7

Altars:
Trog

Shops:
D:3 *


Innate Abilities, Weirdness & Mutations

You have large cloven feet.
You regenerate a little health from kills.
You are partially covered in sharp spines.


Message History

You kill the giant cockroach!
Trog accepts your kill.
No target in view!
No target in view!
No target in view!
No target in view!
No target in view!
No target in view!
You see here a giant cockroach corpse.
You see here a giant cockroach corpse.
There is a stone staircase leading up here.
r - 2 scrolls labelled FAF ILAJEQIET (gained 1)
You see here a +2 hand axe of draining.
Found a dagger.
An ogre comes into view. It is wielding a +0 giant club.
The ogre shouts!
You hit the ogre. You kick the ogre.
The ogre is moderately wounded.
You block the ogre's attack.
You closely miss the ogre. You kick the ogre.
The ogre is moderately wounded.
The ogre hits you with a +0 giant club!!
Ouch! That really hurt!
You are too injured to fight recklessly!
You are too injured to fight recklessly!
You are too injured to fight recklessly!
You are too injured to fight recklessly!
You are too injured to fight recklessly!
You are too injured to fight recklessly!
You are too injured to fight recklessly!
You are too injured to fight recklessly!
You are too injured to fight recklessly!
A red film seems to cover your vision as you go berserk!
You feel yourself moving faster!
You feel mighty!
The ogre hits you with a +0 giant club!!
* * * LOW HITPOINT WARNING * * *
You hit the ogre. Your kick misses the ogre.
The ogre is heavily wounded.
The ogre is struck by your spines. The ogre hits you with a +0 giant club!
You die...

### ...
#####)#####.##
#.....O......#
########@#
#........#
##.####### #.#
#.# #..#
#.###### #..#
#......# #..#
#######.# #..#
#.....#.# #..#


You could see an ogre.

Vanquished Creatures
  An ogre (D:3)
  3 adders (D:2)
  4 worms
  A dart slug (D:3)
  An orc (D:3)
  7 bats
  5 endoplasms
  2 giant cockroaches
  7 goblins
  4 hobgoblins
  10 jackals
  3 ball pythons
  3 frilled lizards
  5 rats
56 creatures vanquished.

Notes
Turn   | Place    | Note
-------+----------+-------------------------------------------
     0 | D:1      | SigmundSlayer the Demonspawn Berserker began the quest for
                  | the Orb.
     0 | D:1      | Reached XP level 1. HP: 18/18 MP: 1/1
   173 | D:1      | Found a faded altar of an unknown god.
   375 | D:1      | Reached skill level 3 in Axes
   396 | D:1      | Gained mutation: You regenerate a little health from kills.
                  | [demonic ancestry]
   396 | D:1      | Reached XP level 2. HP: 22/24 MP: 2/2
  1085 | D:1      | Identified 3 scrolls of acquirement
  1085 | D:1      | Acquired 1093 gold pieces
  1087 | D:1      | Acquired a manual of Axes
  1089 | D:1      | Acquired a +1 vorpal executioner's axe
  1232 | D:2      | Found a bloodstained altar of Trog.
  1457 | D:2      | Reached skill level 4 in Axes
  1457 | D:2      | Gained mutation: You have large cloven feet. [demonic
                  | ancestry]
  1457 | D:2      | Reached XP level 3. HP: 22/29 MP: 3/3
  2145 | D:2      | Reached skill level 5 in Axes
  2145 | D:2      | Reached XP level 4. HP: 35/35 MP: 4/4
  2489 | D:3      | Reached ** piety under Trog
  2489 | D:3      | Noticed an ogre
  2493 | D:3      | Killed an ogre
  2494 | D:3      | Reached skill level 6 in Axes
  2494 | D:3      | Gained mutation: You are partially covered in sharp spines.
                  | [demonic ancestry]
  2494 | D:3      | Reached XP level 5. HP: 31/41 MP: 5/5
  2639 | D:3      | Found Isonomam's Assorted Antiques.
  2743 | D:3      | Reached skill level 7 in Axes
  3053 | D:4      | Noticed an ogre
  3056 | D:4      | HP: 3/61 [ogre/+0 giant club (26)]
  3057 | D:4      | Demolished by an ogre

Illustrated notes

Levels and vault maps discovered:
D:1:      minmay_arrival_glassed_features, layout_loops_ring,
          shapermc_ecumenical_altar_rom_forum, nicolae_kite_square_tiling_tiny
D:2:      layout_basic, basic_altar
D:3:      layout_rooms, serial_shops, nicolae_shop_hallway_stairs
D:4:      layout_basic, okawaru_altar_gauntlet_db, minmay_misc_feat_rows,
          uniq_edmund

Skill      XL: |  1  2  3  4  5 |
---------------+----------------+-----
Axes           | 3 4 5 6 7 |  7.0
Fighting       | |  3.2
Armour         | |  1.7
Dodging        | |  1.7

Action                   |  1- 3 |  4- 6 || total
-------------------------+-------+-------++-------
Melee: Hand axe          |    61 |       ||    61
       Executioner's axe |    48 |    48 ||    96
       Punch             |     1 |       ||     1
       Kick              |     7 |    12 ||    19
Invok: Berserk           |     2 |     1 ||     3
  Use: Scroll            |     3 |       ||     3
Armor: Animal skin       |    38 |       ||    38
       Ring mail         |    12 |    10 ||    22
Dodge: Dodged            |   104 |    29 ||   133
Block: Other             |       |    20 ||    20
       Reflection        |       |     1 ||     1
